 Dungeon Sprint DCSS version 0.30-a0-802-gb92711bcdf (webtiles) character file.

Game seed: 12495967887488883717

6977 rocky1 the Martial Artist (level 11, -14/92 HPs)
             Began as a Gnoll Transmuter on Feb 23, 2023.
             Was an Initiate of Gozag.
             Killed from afar by a lindwurm (43 damage)
             ... with a blast of flame
             ... in the Dungeon (Sprint IX: "|||||||||||||||||||||||||||||").
             The game lasted 00:04:10 (2468 turns).

rocky1 the Martial Artist (Gnoll Transmuter)        Turns: 2468, Time: 00:04:11

Health: -14/92     AC:  2    Str: 11    XL:     11   Next: 8%
Magic:  23/26      EV: 32    Int: 16    God:    Gozag
Gold:   2533       SH:  0    Dex: 20    Spells: 22/32 levels left

rFire   . . .      SeeInvis .      - Unarmed
rCold   . . .      Faith    .    (shield currently unavailable)
rNeg    . . .      Spirit   .    (body armour currently unavailable)
rPois   x          Reflect  .    (helmet currently unavailable)
rElec   .          Harm     .    (cloak currently unavailable)
rCorr   .          Rampage  .    (gloves currently unavailable)
Will    .....      NoTele   +    (boots currently unavailable)
Stlth   +++++                    (no amulet)
HPRegen 0.35/turn                p - +2 ring of evasion
MPRegen 0.20/turn                q - +3 ring of dexterity

@: spider-form, gold aura
A: venomous fangs, tiny, (fangs 1), strong nose, distributed training
a: End Transformation, Renounce Religion, Potion Petition, Call Merchant, Bribe
Branch


You were in the Dungeon.
You worshipped Gozag.
Gozag was most pleased with you.
You were a venomous arachnid creature.
You visited 1 branch You collected 2533 gold pieces.

Inventory:

Hand Weapons
 l - a +4 quarterstaff of speed (melded)
 m - a +2 scimitar of holy wrath
Missiles
 g - 4 curare-tipped darts
 s - 2 silver javelins
Armour
 a - a +0 robe (melded)
 n - a +0 cloak (melded)
 o - a +1 scale mail
Jewellery
 p - a +2 ring of evasion (left front pincers)
 q - a +3 ring of dexterity (right front pincers)
Wands
 d - a wand of digging (7)
 k - a wand of acid (10)
Scrolls
 h - 4 scrolls of blinking
 j - 2 scrolls of amnesia
 v - 2 scrolls of enchant armour
 w - a scroll of identify
 x - a scroll of fog
Potions
 b - a potion of lignification
 c - a potion of invisibility
 e - 2 potions of haste
 f - 4 potions of magic
 i - 3 potions of curing
 r - 4 potions of heal wounds
 t - a potion of mutation
 u - a potion of might


   Skills:
 + Level 10.5 Fighting
 + Level 10.1 Short Blades
 + Level 10.1 Long Blades
 + Level 10.1 Axes
 + Level 10.1 Maces & Flails
 + Level 10.1 Polearms
 + Level 10.1 Staves
 + Level 10.1 Ranged Weapons
 + Level 10.1 Throwing
 + Level 10.1 Armour
 + Level 11.1 Dodging
 + Level 10.1 Stealth
 + Level 10.1 Shields
 + Level 12.0 Unarmed Combat
 + Level 11.3 Spellcasting
 + Level 8.5 Conjurations
 + Level 8.5 Hexes
 + Level 8.5 Summonings
 + Level 8.5 Necromancy
 + Level 8.5 Translocations
 + Level 9.3 Transmutations
 + Level 8.5 Fire Magic
 + Level 8.5 Ice Magic
 + Level 8.5 Air Magic
 + Level 8.5 Earth Magic
 + Level 8.5 Poison Magic
 + Level 11.0 Invocations
 + Level 10.1 Evocations


You had 22 spell levels left.
You knew the following spells:

 Your Spells              Type           Power      Damage    Failure   Level
a - Beastly Appendage     Tmut           78%        N/A       2%          1
b - Wereblood             Tmut           39%        N/A       2%          2
c - Spider Form           Tmut/Pois      37%        N/A       4%          3
d - Ice Form              Ice/Tmut       37%        N/A       8%          4

Your spell library contained the following spells:

 Spells                   Type           Power      Damage    Failure   Level


Dungeon Overview and Level Annotations

Branches:
Dungeon (1/1)

Altars:
Cheibriados
Dithmenos
Elyvilon
Fedhas
Gozag
Hepliaklqana
Kikubaaqudgha
Makhleb
Nemelex Xobeh
Okawaru
Qazlal
Ru
Sif Muna
Trog
Uskayaw
Vehumet
Wu Jian
Xom
Yredelemnul
Zin
The Shining One
Jiyva
Lugonu


Innate Abilities, Weirdness & Mutations

You are a venomous arachnid creature.
You have venomous fangs.
You are tiny and dextrous.
Your spellcasting is less reliable in this form.
Your armour is entirely melded.
You are incapable of wielding weapons or throwing items.
((You have very sharp teeth.))
Your uncanny sense of smell can sniff out nearby items.
Your experience applies equally to all skills.


Message History

The tyrant leech draws strength from your injuries!
You punch the tyrant leech! You freeze the tyrant leech.
The tyrant leech is heavily wounded.
The tyrant leech barely misses you.
You hit the tyrant leech but do no damage.
The tyrant leech is heavily wounded.
You punch the tyrant leech! You freeze the tyrant leech!
The tyrant leech is almost dead.
The tyrant leech misses you.
You punch the tyrant leech! You freeze the tyrant leech.
You kill the tyrant leech!
Your Unarmed Combat skill increases to level 12!
Your Invocations skill increases to level 11!
You hit the worm but do no damage. You completely miss the worm.
There is an open door to Lair:5 here.
There's a creature in the doorway!
You hit the worm. You freeze the worm.
The worm is lightly wounded.
You pummel the worm!! You freeze the worm.
You kill the worm!
You punch the worm! You freeze the worm.
The worm is almost dead.
You pummel the worm!! You freeze the worm.
You kill the worm!
You punch the lindwurm! You freeze the lindwurm!
The lindwurm is heavily wounded.
Casting: Ice Form (mildly dangerous; 1% risk of failure)
Confirm with . or Enter, or press ? or * to list all spells.
You warm up again.
Your +4 quarterstaff of speed unmelds from your body.
Your +0 cloak unmelds from your body.
Your +0 robe unmelds from your body.
Your hands tingle!
You turn into a venomous arachnid creature.
Your +4 quarterstaff of speed melds into your body.
Your +0 cloak melds into your body.
Your +0 robe melds into your body.
The lindwurm breathes flames at you. The blast of flame hits you!!!
You die...
Your body crumbles into a pile of gold. $$$$ $ $ $ $$$$$ $$$$$$$$$$$$

$$$ ▓▓▓▓▓▓▓▓▓▓▓▓▓▓▓▓▓▓▓▓▓▓▓▓▓▓ $
∆∆∆∆...w.kw$ks........'.......
▓▓▓▓▓▓▓▓▓▓▓▓▓▓▓▓▓▓▓▓▓▓▓▓▓▓▓▓▓▓▓▓▓
....................)............
▓▓▓▓▓▓▓▓▓▓▓▓▓▓▓▓▓▓▓▓▓▓▓▓▓▓▓▓▓▓▓▓▓
...))'...[..)..'_________________
▓▓▓▓▓▓▓▓▓▓▓▓▓▓▓▓▓▓▓▓▓▓▓▓▓▓▓▓▓▓▓▓▓


You could see 2 lindwurms and 2 worms.

Vanquished Creatures
  Sonja (D)
  A lindwurm (D)
  A cyclops (D)
  2 gargoyles (D)
  5 cane toads (D)
  2 rime drakes (D)
  2 komodo dragons (D)
  A tengu conjurer (D)
  2 tyrant leeches (D)
  A troll (D)
  A blink frog (D)
  2 wraiths (D)
  2 wyverns (D)
  A basilisk (D)
  A vampire mosquito (D)
  3 water moccasins (D)
  A bullfrog (D)
  A kobold brigand (D)
  2 scorpions (D)
  A killer bee (D)
  An orc wizard (D)
  2 adders (D)
  A shadow imp (D)
  A white imp (D)
  2 worms (D)
  An endoplasm (D)
  A hobgoblin (D)
  A ball python (D)
  A kobold (D)
  A rat (D)
45 creatures vanquished.

Notes
Turn   | Place    | Note
-------+----------+-------------------------------------------
     0 | D        | rocky1 the Gnoll Transmuter began the quest for the Orb.
     0 | D        | Reached XP level 1. HP: 17/17 MP: 6/6
    12 | D        | Reached skill level 5 in Spellcasting
    17 | D        | Reached skill level 1 in Invocations
   228 | D        | Noticed a scorpion
   239 | D        | Killed a scorpion
   240 | D        | Reached skill level 5 in Dodging
   240 | D        | Reached skill level 7 in Unarmed Combat
   240 | D        | Reached XP level 2. HP: 13/24 MP: 6/8
   240 | D        | Reached XP level 3. HP: 15/29 MP: 7/10
   240 | D        | Reached XP level 4. HP: 19/36 MP: 7/11
   539 | D        | Found a snail-covered altar of Cheibriados.
   539 | D        | Found a shadowy altar of Dithmenos.
   539 | D        | Found a white marble altar of Elyvilon.
   539 | D        | Found a blossoming altar of Fedhas.
   539 | D        | Found an opulent altar of Gozag.
   540 | D        | Found a hazy altar of Hepliaklqana.
   541 | D        | Found a viscous altar of Jiyva.
   542 | D        | Found an ancient bone altar of Kikubaaqudgha.
   543 | D        | Found a corrupted altar of Lugonu.
   544 | D        | Found a burning altar of Makhleb.
   545 | D        | Found a sparkling altar of Nemelex Xobeh.
   546 | D        | Found an iron altar of Okawaru.
   547 | D        | Found a stormy altar of Qazlal.
   549 | D        | Became a worshipper of Gozag Ym Sagoz the Greedy
   551 | D        | Found a sacrificial altar of Ru.
   552 | D        | Found a shimmering blue altar of Sif Muna.
   553 | D        | Found a bloodstained altar of Trog.
   554 | D        | Found a hide-covered altar of Uskayaw.
   555 | D        | Found a radiant altar of Vehumet.
   556 | D        | Found an ornate altar of the Wu Jian Council.
   557 | D        | Found a shimmering altar of Xom.
   558 | D        | Found a basalt altar of Yredelemnul.
   559 | D        | Found a glowing silver altar of Zin.
   560 | D        | Found a glowing golden altar of the Shining One.
   606 | D        | Learned a level 2 spell: Wereblood
   610 | D        | Learned a level 3 spell: Spider Form
   615 | D        | Learned a level 4 spell: Ice Form
   630 | D        | Noticed a vampire mosquito
   630 | D        | Noticed a kobold brigand
   630 | D        | Noticed a wyvern
   630 | D        | Noticed a wraith
   637 | D        | Killed a wraith
   638 | D        | Reached skill level 5 in Fighting
   638 | D        | Reached skill level 5 in Transmutations
   638 | D        | Reached XP level 5. HP: 35/44 MP: 9/14
   638 | D        | Reached XP level 6. HP: 41/51 MP: 9/15
   642 | D        | Killed a wyvern
   643 | D        | Reached skill level 5 in Short Blades
   643 | D        | Reached skill level 5 in Long Blades
   643 | D        | Reached skill level 5 in Axes
   643 | D        | Reached skill level 5 in Maces & Flails
   643 | D        | Reached skill level 5 in Polearms
   643 | D        | Reached skill level 5 in Staves
   643 | D        | Reached skill level 5 in Ranged Weapons
   643 | D        | Reached skill level 5 in Throwing
   643 | D        | Reached skill level 5 in Armour
   643 | D        | Reached skill level 5 in Stealth
   643 | D        | Reached skill level 5 in Shields
   643 | D        | Reached skill level 8 in Unarmed Combat
   643 | D        | Reached skill level 5 in Invocations
   643 | D        | Reached skill level 5 in Evocations
   648 | D        | Reached XP level 7. HP: 25/58 MP: 10/17
   655 | D        | Killed a vampire mosquito
   936 | D        | Noticed a gargoyle
   936 | D        | Noticed a gargoyle
   936 | D        | Noticed a cyclops
   936 | D        | Noticed a wraith
   936 | D        | Noticed a tengu conjurer
   936 | D        | Noticed a troll
   942 | D        | Killed a troll
   943 | D        | Reached skill level 9 in Unarmed Combat
   943 | D        | Reached skill level 5 in Conjurations
   943 | D        | Reached skill level 5 in Hexes
   943 | D        | Reached skill level 5 in Summonings
   943 | D        | Reached skill level 5 in Necromancy
   943 | D        | Reached skill level 5 in Translocations
   943 | D        | Reached skill level 5 in Fire Magic
   943 | D        | Reached skill level 5 in Ice Magic
   943 | D        | Reached skill level 5 in Air Magic
   943 | D        | Reached skill level 5 in Earth Magic
   943 | D        | Reached skill level 5 in Poison Magic
   943 | D        | Reached XP level 8. HP: 59/65 MP: 15/20
   947 | D        | Killed a tengu conjurer
   951 | D        | Killed a wraith
   962 | D        | Killed a cyclops
   964 | D        | Killed a gargoyle
   965 | D        | Reached skill level 10 in Unarmed Combat
   965 | D        | Reached XP level 9. HP: 7/74 MP: 19/22
   969 | D        | Killed a gargoyle
  1186 | D        | Noticed Sonja
  1204 | D        | Killed Sonja
  1577 | D        | Noticed a cane toad
  1577 | D        | Noticed a rime drake
  1581 | D        | Noticed a cane toad
  1584 | D        | Killed a rime drake
  1585 | D        | Noticed a komodo dragon
  1588 | D        | Reached skill level 10 in Spellcasting
  1592 | D        | Reached XP level 10. HP: 70/83 MP: 22/24
  1600 | D        | Killed a cane toad
  1601 | D        | Reached skill level 10 in Dodging
  1601 | D        | Reached skill level 11 in Unarmed Combat
  1604 | D        | Killed a cane toad
  1614 | D        | Reached skill level 10 in Invocations
  1834 | D        | Noticed a lindwurm
  1834 | D        | Noticed a cane toad
  1834 | D        | Noticed a cane toad
  1837 | D        | Noticed a cane toad
  1841 | D        | Killed a cane toad
  2096 | D        | Killed a cane toad
  2097 | D        | Reached skill level 10 in Fighting
  2102 | D        | Killed a lindwurm
  2108 | D        | Killed a cane toad
  2117 | D        | Reached skill level 10 in Short Blades
  2117 | D        | Reached skill level 10 in Long Blades
  2117 | D        | Reached skill level 10 in Axes
  2117 | D        | Reached skill level 10 in Maces & Flails
  2117 | D        | Reached skill level 10 in Polearms
  2117 | D        | Reached skill level 10 in Staves
  2117 | D        | Reached skill level 10 in Ranged Weapons
  2117 | D        | Reached skill level 10 in Throwing
  2117 | D        | Reached skill level 10 in Armour
  2117 | D        | Reached skill level 10 in Stealth
  2117 | D        | Reached skill level 10 in Shields
  2117 | D        | Reached skill level 10 in Evocations
  2117 | D        | Reached XP level 11. HP: 23/92 MP: 24/26
  2440 | D        | Noticed a lindwurm
  2441 | D        | Noticed a lindwurm
  2459 | D        | Reached skill level 12 in Unarmed Combat
  2468 | D        | Killed from afar by a lindwurm

Illustrated notes

Levels and vault maps discovered:
D:        linesprint [early_d, line_temple, items_1, d_10, items_2, lair_1,
          lair_end, items_3, orc_1, orc_end, items_4, d_15, swamp_1, shoals_1,
          snake_1, spider_1, d_20, vaults_1, items_5, swamp_end, shoals_end,
          snake_end, spider_end, vaults_end, d_27, items_6, zot_1, zot_end,
          crypt_end, forest_end, elf_end, slime_end, tomb_end, abyss_end,
          pan_hell_end]

Skill      XL: |  1  2  3  4  5  6  7  8  9 10 11 |
---------------+----------------------------------+-----
Spellcasting   | 5 6 7 8 9 10 11 | 11.3
Invocations    | 2 4 5 6 8 9 10 11 | 11.0
Fighting       | 3 5 6 8 9 10 | 10.5
Short Blades   | 2 4 5 6 7 8 10 | 10.1
Long Blades    | 2 4 5 6 7 8 10 | 10.1
Axes           | 2 4 5 6 7 8 10 | 10.1
Maces & Flails | 2 4 5 6 7 8 10 | 10.1
Polearms       | 2 4 5 6 7 8 10 | 10.1
Staves         | 2 4 5 6 7 8 10 | 10.1
Ranged Weapons | 2 4 5 6 7 8 10 | 10.1
Throwing       | 2 4 5 6 7 8 10 | 10.1
Armour         | 2 4 5 6 7 8 10 | 10.1
Dodging        | 5 6 7 8 9 11 | 11.1
Stealth        | 2 4 5 6 7 8 10 | 10.1
Shields        | 2 4 5 6 7 8 10 | 10.1
Unarmed Combat | 7 8 9 10 11 12 | 12.0
Conjurations   | 2 3 4 5 6 7 8 |  8.5
Hexes          | 2 3 4 5 6 7 8 |  8.5
Summonings     | 2 3 4 5 6 7 8 |  8.5
Necromancy     | 2 3 4 5 6 7 8 |  8.5
Translocations | 2 3 4 5 6 7 8 |  8.5
Transmutations | 4 5 6 7 8 9 |  9.3
Fire Magic     | 2 3 4 5 6 7 8 |  8.5
Ice Magic      | 2 3 4 5 6 7 8 |  8.5
Air Magic      | 2 3 4 5 6 7 8 |  8.5
Earth Magic    | 2 3 4 5 6 7 8 |  8.5
Poison Magic   | 2 3 4 5 6 7 8 |  8.5
Evocations     | 2 4 5 6 7 8 10 | 10.1

Action                     |  1- 3 |  4- 6 |  7- 9 | 10-12 || total
---------------------------+-------+-------+-------+-------++-------
  Melee: Unarmed           |    19 |    35 |    54 |    76 ||   184
         Headbutt          |     4 |     1 |       |       ||     5
         Kick              |     3 |     2 |       |       ||     5
         Bite              |     1 |     1 |       |     1 ||     3
         Punch             |     1 |       |       |       ||     1
         Quarterstaff      |       |       |       |     4 ||     4
   Cast: Beastly Appendage |     2 |       |       |       ||     2
         Ice Form          |       |     1 |     2 |     4 ||     7
         Spider Form       |       |       |     1 |     1 ||     2
    Use: Potion            |     1 |     2 |     4 |       ||     7
   Stab: Sleeping          |       |       |     1 |     1 ||     2
         Distracted        |       |       |       |     2 ||     2
 Armour: Robe              |     2 |     2 |       |       ||     4
         Skin              |       |     4 |    11 |     5 ||    20
  Dodge: Dodged            |     8 |    20 |    29 |    21 ||    78

Table legend: (Time is in decaauts)
 A = Elapsed time spent in this place.
 B = Non-inter-level travel time spent in this place.
 C = Inter-level travel time spent in this place.
 D = Time resting spent in this place.
 E = Time spent auto-exploring this place.
 F = Levels seen in this place.
 G = Mean time per level.
                   A        B        C        D        E       F      G
               +--------+--------+--------+--------+--------+-----+--------+
         Total |   2450 |   2450 |      0 |   1946 |      0 |   1 | 2450.0 |
       Dungeon |   2450 |   2450 |      0 |   1946 |      0 |   1 | 2450.0 |
               +--------+--------+--------+--------+--------+-----+--------+

Top non-repeatable levels by time:
       D: 2450 daAuts
